| TOP OF THE 1ST |
|
Burlington Royals batting - Pitching for Detroit (APP) Tigers : RHP Felipe Guevara
|
|
Pitching: RHP Felipe Guevara
|
|
|
Batting: RHB Kyle Finney
|
0-0: Called Strike 0-1: Foul Ball, location: 2F 0-2: Ground out 6-3 (Groundball, 56, EV 91.2 MPH)
|
|
Batting: RHB Josh Massey
|
0-0: Ball 1-0: Called Strike 1-1: Ball 2-1: Fly out, F7 (Flyball, 78S, EV 83.8 MPH)
|
|
Batting: RHB Milanni Isaaka
|
0-0: Ball 1-0: Ball 2-0: Fly out, F8 (Flyball, 8RD, EV 81.2 MPH)
|
| Top of the 1st over - 0 runs, 0 hits, 0 errors, 0 left on base; Burlington 0 - Detroit (APP) 0 |
| BOTTOM OF THE 1ST |
|
Detroit (APP) Tigers batting - Pitching for Burlington Royals : RHP Chris Elliott
|
|
Pitching: RHP Chris Elliott
|
|
|
Batting: RHB Alex Duarte
|
0-0: Swinging Strike 0-1: Ball 1-1: Swinging Strike 1-2: Fly out, F6 (Popup, 56, EV 64.4 MPH)
|
|
Batting: RHB Cody Kafer
|
0-0: Ball 1-0: Ball 2-0: Foul Ball, location: 2F 2-1: Ball 3-1: SINGLE (Line Drive, 7S, EV 98.8 MPH)
|
|
Batting: RHB Nate Dabney
|
0-0: Swinging Strike 0-1: 2-RUN HOME RUN (Flyball, 9D, EV 94.4 MPH), Distance : 378 ft
|
|
Batting: RHB George Sonier
|
0-0: Called Strike 0-1: Hit by Pitch
|
|
Batting: RHB Tony Murray
|
0-0: Ball 1-0: Ball 2-0: SINGLE (Line Drive, 8LS, EV 93.1 MPH) George Sonier to second
|
|
Batting: LHB Simon Barry
|
0-0: Fielders Choice at 2nd, 3-6 (Groundball, 34S, EV 84.4 MPH) George Sonier to third
|
|
Batting: RHB Yasutaka Yamasaki
|
0-0: Ground out 5-3 (Groundball, 56S, EV 78.8 MPH)
|
| Bottom of the 1st over - 2 runs, 3 hits, 0 errors, 2 left on base; Burlington 0 - Detroit (APP) 2 |
| TOP OF THE 2ND |
|
Burlington Royals batting - Pitching for Detroit (APP) Tigers : RHP Felipe Guevara
|
|
Batting: RHB Juan Nieves
|
0-0: Called Strike 0-1: Swinging Strike 0-2: Ball 1-2: Strikes out swinging
|
|
Batting: RHB Simon Sultzbach
|
0-0: Called Strike 0-1: Foul Ball, location: 2F 0-2: Foul Ball, location: 2F 0-2: Strikes out swinging
|
|
Batting: RHB John Normand
|
0-0: Ball 1-0: Fly out, F8 (Flyball, 78M, EV 81.2 MPH)
|
| Top of the 2nd over - 0 runs, 0 hits, 0 errors, 0 left on base; Burlington 0 - Detroit (APP) 2 |
| BOTTOM OF THE 2ND |
|
Detroit (APP) Tigers batting - Pitching for Burlington Royals : RHP Chris Elliott
|
|
Batting: RHB Peter Jones
|
0-0: Swinging Strike 0-1: Ball 1-1: Swinging Strike 1-2: Strikes out swinging
|
|
Batting: RHB Victor Acuna
|
0-0: Called Strike 0-1: Ball 1-1: Ball 2-1: Foul Ball, location: 2F 2-2: Foul Ball, location: 2F 2-2: Strikes out swinging
|
|
Batting: RHB Alex Duarte
|
0-0: Ball 1-0: Called Strike 1-1: Foul Ball, location: 2F 1-2: Hit by Pitch
|
|
Batting: RHB Cody Kafer
|
0-0: Ball 1-0: Fielders Choice at 2nd, 6-4 (Groundball, 6, EV 105.6 MPH)
|
| Bottom of the 2nd over - 0 runs, 0 hits, 0 errors, 1 left on base; Burlington 0 - Detroit (APP) 2 |
| TOP OF THE 3RD |
|
Burlington Royals batting - Pitching for Detroit (APP) Tigers : RHP Felipe Guevara
|
|
Batting: RHB Donnie Bednarz
|
0-0: Foul Ball, location: 2F 0-1: Ball 1-1: Foul Ball, location: 2F 1-2: Strikes out swinging
|
|
Batting: RHB Nick Spriggs
|
0-0: Ball 1-0: Called Strike 1-1: Called Strike 1-2: Ball 2-2: Foul Ball, location: 2F 2-2: Strikes out swinging
|
|
Batting: RHB Danny Jefferies
|
0-0: Called Strike 0-1: Ball 1-1: Ground out 5-3 (Groundball, 56S, EV 66.2 MPH)
|
| Top of the 3rd over - 0 runs, 0 hits, 0 errors, 0 left on base; Burlington 0 - Detroit (APP) 2 |
| BOTTOM OF THE 3RD |
|
Detroit (APP) Tigers batting - Pitching for Burlington Royals : RHP Chris Elliott
|
|
Batting: RHB Nate Dabney
|
0-0: Ball 1-0: Ball 2-0: Ball 3-0: Base on Balls
|
|
Batting: RHB George Sonier
|
0-0: Ball 1-0: Foul Ball, location: 2F 1-1: Swinging Strike 1-2: Ball 2-2: Ball 3-2: Strikes out looking
|
|
Batting: RHB Tony Murray
|
0-0: Called Strike 0-1: Fly out, F8 (Flyball, 8LD, EV 103.8 MPH)
|
|
Batting: LHB Simon Barry
|
0-0: Foul Ball, location: 2F 0-1: Ground out 6-3 (Groundball, 4MS, EV 72.5 MPH)
|
| Bottom of the 3rd over - 0 runs, 0 hits, 0 errors, 1 left on base; Burlington 0 - Detroit (APP) 2 |
| TOP OF THE 4TH |
|
Burlington Royals batting - Pitching for Detroit (APP) Tigers : RHP Felipe Guevara
|
|
Batting: RHB Kyle Finney
|
0-0: Ball 1-0: Ball 2-0: Ball 3-0: Called Strike 3-1: Called Strike 3-2: Foul Ball, location: 2F 3-2: Foul Ball, location: 2F 3-2: Base on Balls
|
|
Batting: RHB Josh Massey
|
0-0: Ball 1-0: Fly out, F8 (Flyball, 8RD, EV 101.2 MPH)
|
|
Batting: RHB Milanni Isaaka
|
0-0: Ball 1-0: Foul Ball, location: 2F 1-1: Fly out, F9 (Flyball, 9, EV 85.0 MPH)
|
|
Batting: RHB Juan Nieves
|
0-0: Ball 1-0: Called Strike 1-1: Fly out, F9 (Flyball, 9, EV 71.2 MPH)
|
| Top of the 4th over - 0 runs, 0 hits, 0 errors, 1 left on base; Burlington 0 - Detroit (APP) 2 |
| BOTTOM OF THE 4TH |
|
Detroit (APP) Tigers batting - Pitching for Burlington Royals : RHP Chris Elliott
|
|
Batting: RHB Yasutaka Yamasaki
|
0-0: Called Strike 0-1: Ball 1-1: Ground out 6-3 (Groundball, 6M, EV 81.2 MPH)
|
|
Batting: RHB Peter Jones
|
0-0: Called Strike 0-1: Ground out 6-3 (Groundball, 6, EV 100.6 MPH)
|
|
Batting: RHB Victor Acuna
|
0-0: Ball 1-0: SINGLE (Groundball, 6D, EV 105.6 MPH)
|
|
Batting: RHB Alex Duarte
|
0-0: Called Strike 0-1: Called Strike 0-2: Ball 1-2: Ball Wild Pitch! Victor Acuna to second 2-2: Ball 3-2: Foul Ball, location: 2F 3-2: Foul Ball, location: 2F 3-2: Strikes out swinging
|
| Bottom of the 4th over - 0 runs, 1 hit, 0 errors, 1 left on base; Burlington 0 - Detroit (APP) 2 |
| TOP OF THE 5TH |
|
Burlington Royals batting - Pitching for Detroit (APP) Tigers : RHP Felipe Guevara
|
|
Batting: RHB Simon Sultzbach
|
0-0: Ball 1-0: Called Strike 1-1: Ball 2-1: Foul Ball, location: 2F 2-2: Ball 3-2: SINGLE (Groundball, 6MD, EV 99.4 MPH)
|
|
Batting: RHB John Normand
|
0-0: Called Strike 0-1: Ball 1-1: Swinging Strike 1-2: Strikes out looking
|
|
Batting: RHB Donnie Bednarz
|
0-0: Foul Ball, location: 2F 0-1: Swinging Strike 0-2: Ball 1-2: Strikes out swinging
|
|
Batting: RHB Nick Spriggs
|
0-0: Fielders Choice at 2nd, 4-6 (Groundball, 6M, EV 84.4 MPH)
|
| Top of the 5th over - 0 runs, 1 hit, 0 errors, 1 left on base; Burlington 0 - Detroit (APP) 2 |
| BOTTOM OF THE 5TH |
|
Detroit (APP) Tigers batting - Pitching for Burlington Royals : RHP Chris Elliott
|
|
Batting: RHB Cody Kafer
|
0-0: Swinging Strike 0-1: Called Strike 0-2: Foul Ball, location: 2F 0-2: Fly out, F9 (Line Drive, 9, EV 90.0 MPH)
|
|
Batting: RHB Nate Dabney
|
0-0: Ball 1-0: Swinging Strike 1-1: Called Strike 1-2: Foul Ball, location: 2F 1-2: Ball 2-2: Strikes out looking
|
|
Batting: RHB George Sonier
|
0-0: Ball 1-0: Ball 2-0: Ball 3-0: Called Strike 3-1: Foul Ball, location: 2F 3-2: SINGLE (Groundball, 6D, EV 99.4 MPH)
|
|
Batting: RHB Tony Murray
|
0-0: Ball 1-0: Ball 2-0: Ball 3-0: Base on Balls George Sonier to second
|
|
Pitching: LHP Omar Nogueira
|
|
|
Batting: LHB Simon Barry
|
0-0: Foul Ball, location: 2F 0-1: Foul Ball, location: 2F 0-2: SINGLE (Line Drive, 6MD, EV 96.9 MPH) George Sonier to third Tony Murray to second
|
|
Batting: RHB Yasutaka Yamasaki
|
0-0: Ball 1-0: Swinging Strike 1-1: Ball 2-1: Foul Ball, location: 2F 2-2: Ball 3-2: Ground out U3 (Groundball, 3, EV 75.6 MPH)
|
| Bottom of the 5th over - 0 runs, 2 hits, 0 errors, 3 left on base; Burlington 0 - Detroit (APP) 2 |
| TOP OF THE 6TH |
|
Burlington Royals batting - Pitching for Detroit (APP) Tigers : RHP Felipe Guevara
|
|
Batting: RHB Danny Jefferies
|
0-0: Ball 1-0: Ball 2-0: Ball 3-0: Called Strike 3-1: Base on Balls
|
|
Batting: RHB Kyle Finney
|
0-0: Ball 1-0: SINGLE (Groundball, 6MD, EV 93.8 MPH) Danny Jefferies to second
|
|
Batting: RHB Josh Massey
|
0-0: Foul Ball, location: 2F 0-1: Foul Ball, location: 2F 0-2: Foul Ball, location: 2F 0-2: Ball 1-2: Ball 2-2: Ball 3-2: Foul Ball, location: 2F 3-2: Strikes out looking
|
|
Batting: RHB Milanni Isaaka
|
0-0: Ball Wild Pitch! Danny Jefferies to third Kyle Finney to second 1-0: Called Strike 1-1: Ball 2-1: Foul Ball, location: 2F 2-2: Ball 3-2: Foul Ball, location: 2F 3-2: Base on Balls
|
|
Pitching: RHP Edwin Torres
|
|
|
Batting: RHB Juan Nieves
|
0-0: Hit by Pitch Danny Jefferies scores Kyle Finney to third Milanni Isaaka to second
|
|
Batting: RHB Simon Sultzbach
|
0-0: Ball 1-0: Ball 2-0: Called Strike 2-1: Foul Ball, location: 2F 2-2: Foul Ball, location: 2F 2-2: Foul Ball, location: 2F 2-2: Foul Ball, location: 2F 2-2: Ball 3-2: Strikes out looking
|
|
Batting: RHB John Normand
|
0-0: Ball 1-0: Foul Ball, location: 2F 1-1: Swinging Strike 1-2: Strikes out swinging
|
| Top of the 6th over - 1 run, 1 hit, 0 errors, 3 left on base; Burlington 1 - Detroit (APP) 2 |
| BOTTOM OF THE 6TH |
|
Detroit (APP) Tigers batting - Pitching for Burlington Royals : LHP Omar Nogueira
|
|
Batting: RHB Peter Jones
|
0-0: Swinging Strike 0-1: Foul Ball, location: 2F 0-2: Foul Ball, location: 2F 0-2: Strikes out swinging
|
|
Batting: RHB Victor Acuna
|
0-0: Ball 1-0: Ball 2-0: Called Strike 2-1: Foul Ball, location: 2F 2-2: Strikes out swinging
|
|
Batting: RHB Alex Duarte
|
0-0: Ball 1-0: Ball 2-0: Called Strike 2-1: Foul Ball, location: 2F 2-2: Ball 3-2: Foul Ball, location: 2F 3-2: Base on Balls
|
|
Batting: RHB Cody Kafer
|
0-0: Ball 1-0: Swinging Strike 1-1: Ball 2-1: SINGLE (Groundball, 6MD, EV 100.0 MPH) Alex Duarte to second Runner from 2nd tries for 3rd, SAFE, throw by CF made to third
|
|
Pitching: RHP Ramiro Castillo
|
|
|
Batting: RHB Nate Dabney
|
0-0: Ball 1-0: Ball 2-0: Ball 3-0: Called Strike 3-1: Called Strike 3-2: Fly out, F7 (Flyball, 78D, EV 90.6 MPH)
|
| Bottom of the 6th over - 0 runs, 1 hit, 0 errors, 2 left on base; Burlington 1 - Detroit (APP) 2 |
| TOP OF THE 7TH |
|
Burlington Royals batting - Pitching for Detroit (APP) Tigers : RHP Edwin Torres
|
|
Pinch Hitting: RHB Chris Stec
|
0-0: Reached on error, E6 (Groundball, 6, EV 91.2 MPH)
|
|
Batting: RHB Nick Spriggs
|
0-0: Called Strike 0-1: Swinging Strike 0-2: Ball 1-2: Ball 2-2: Strikes out swinging
|
|
Pinch Hitting: SHB Gary Woodroffe
|
0-0: Ball 1-0: Swinging Strike 1-1: Ball 2-1: Grounds out, U3 (Groundball, 3L, EV 91.2 MPH)
|
|
Batting: RHB Kyle Finney
|
0-0: SINGLE (Groundball, 56, EV 105.0 MPH) Chris Stec to third Runner from 3rd tries for Home, SAFE, throw by LF to home Kyle Finney to second
|
|
Batting: RHB Josh Massey
|
0-0: Ball Wild Pitch! Kyle Finney to third 1-0: Fly out, F3 (Popup, 3F, EV 73.8 MPH)
|
| Top of the 7th over - 1 run, 1 hit, 1 error, 1 left on base; Burlington 2 - Detroit (APP) 2 |
| BOTTOM OF THE 7TH |
|
Detroit (APP) Tigers batting - Pitching for Burlington Royals : RHP Ramiro Castillo
|
|
Now at 1B: Chris Stec
|
|
|
Now in RF: Javy Rueda
|
|
|
Batting: RHB George Sonier
|
0-0: Ball 1-0: Called Strike 1-1: Ball 2-1: Foul Ball, location: 2F 2-2: Foul Ball, location: 2F 2-2: Ball 3-2: Base on Balls
|
|
Batting: RHB Tony Murray
|
0-0: Called Strike 0-1: Called Strike 0-2: Foul Ball, location: 2F 0-2: Fielders Choice at 2nd, 3-6 (Groundball, 3, EV 82.5 MPH)
|
|
Batting: LHB Simon Barry
|
0-0: Called Strike 0-1: Ball 1-1: Fly out, F8 (Flyball, 8LD, EV 100.0 MPH)
|
|
Batting: RHB Yasutaka Yamasaki
|
0-0: Called Strike 0-1: Ball 1-1: Swinging Strike 1-2: Foul Ball, location: 2F 1-2: Ball 2-2: Strikes out swinging
|
| Bottom of the 7th over - 0 runs, 0 hits, 0 errors, 1 left on base; Burlington 2 - Detroit (APP) 2 |
| TOP OF THE 8TH |
|
Burlington Royals batting - Pitching for Detroit (APP) Tigers : RHP Edwin Torres
|
|
Batting: RHB Milanni Isaaka
|
0-0: Ball 1-0: Ball 2-0: Ball 3-0: Called Strike 3-1: Base on Balls
|
|
Batting: RHB Juan Nieves
|
0-0: Ball 1-0: Ball 2-0: Ball 3-0: Called Strike 3-1: Swinging Strike 3-2: Foul Ball, location: 2F 3-2: Base on Balls Milanni Isaaka to second
|
|
Pitching: RHP Efrain Diaz
|
|
|
Batting: RHB Simon Sultzbach
|
0-0: Called Strike 0-1: Ball 1-1: Swinging Strike 1-2: Reached on error, E5 (Groundball, 56, EV 83.8 MPH) Milanni Isaaka to third Juan Nieves to second
|
|
Batting: RHB John Normand
|
0-0: Ball 1-0: Called Strike 1-1: Foul Ball, location: 2F 1-2: Foul Ball, location: 2F 1-2: Strikes out swinging
|
|
Batting: RHB Chris Stec
|
0-0: Ball 1-0: Foul Ball, location: 2F 1-1: Foul Ball, location: 2F 1-2: Fielders Choice at 2nd, 3-6 (Groundball, 34, EV 89.4 MPH) Milanni Isaaka scores Juan Nieves to third
|
|
Batting: RHB Nick Spriggs
|
0-0: Called Strike 0-1: Swinging Strike 0-2: Ball 1-2: Foul Ball, location: 2F 1-2: Strikes out swinging
|
| Top of the 8th over - 1 run, 0 hits, 1 error, 2 left on base; Burlington 3 - Detroit (APP) 2 |
| BOTTOM OF THE 8TH |
|
Detroit (APP) Tigers batting - Pitching for Burlington Royals : RHP Ramiro Castillo
|
|
Pinch Hitting: RHB John Barton
|
0-0: Ball 1-0: Foul Ball, location: 2F 1-1: Ball 2-1: Called Strike 2-2: Foul Ball, location: 2F 2-2: Foul Ball, location: 2F 2-2: Foul Ball, location: 2F 2-2: Foul Ball, location: 2F 2-2: Ball 3-2: Ground out 6-3 (Groundball, 56, EV 99.4 MPH)
|
|
Pitching: RHP Chris Chilcoat
|
|
|
Batting: RHB Victor Acuna
|
0-0: Ball 1-0: SINGLE (Flyball, 8RS, EV 97.5 MPH)
|
|
Batting: RHB Alex Duarte
|
0-0: DOUBLE (Groundball, 5D, EV 94.4 MPH) Victor Acuna to third Runner from 3rd tries for Home, SAFE, no throw by LF
|
|
Batting: RHB Cody Kafer
|
0-0: Called Strike 0-1: Ball 1-1: Swinging Strike 1-2: Strikes out swinging
|
|
Batting: RHB Nate Dabney
|
0-0: Called Strike 0-1: Ball 1-1: Called Strike 1-2: Ball 2-2: Ball 3-2: 2-RUN HOME RUN (Flyball, 78XD, EV 98.8 MPH), Distance : 408 ft
|
|
Pitching: RHP Zong-yuan Xue
|
|
|
Batting: RHB George Sonier
|
0-0: Ball 1-0: Foul Ball, location: 2F 1-1: Foul Ball, location: 2F 1-2: Ball 2-2: Foul Ball, location: 2F 2-2: Ball 3-2: Foul Ball, location: 2F 3-2: Ground out 6-3 (Groundball, 4MS, EV 93.8 MPH)
|
| Bottom of the 8th over - 3 runs, 3 hits, 0 errors, 0 left on base; Burlington 3 - Detroit (APP) 5 |
| TOP OF THE 9TH |
|
Burlington Royals batting - Pitching for Detroit (APP) Tigers : RHP Efrain Diaz
|
|
Pitching: RHP Malcolm Holz
|
|
|
Now at 3B: Simon Barry
|
|
|
Now at SS: Salvador Lacosta
|
|
|
Now in LF: John Barton
|
|
|
Batting: LHB Javy Rueda
|
0-0: Called Strike 0-1: Swinging Strike 0-2: Ball 1-2: Ball 2-2: Strikes out looking
|
|
Batting: RHB Kyle Finney
|
0-0: Fly out, F8 (Flyball, 78D, EV 107.5 MPH)
|
|
Batting: RHB Josh Massey
|
0-0: Called Strike 0-1: Ball 1-1: Called Strike 1-2: Strikes out swinging
|
| Top of the 9th over - 0 runs, 0 hits, 0 errors, 0 left on base; Burlington 3 - Detroit (APP) 5 |
|